 Dungeon Crawl Stone Soup version 0.26-a0-707-g31817bcca1 (webtiles) character file.

Game seed: 12637896981589901733

12702 karrick the Commander (level 11, 0/84 HPs)
             Began as a Demonspawn Gladiator on Oct 27, 2020.
             Was a High Priest of Okawaru.
             Shot with an arrow by a centaur warrior (17 damage)
             ... on level 11 of the Dungeon.
             The game lasted 00:26:38 (11840 turns).

karrick the Commander (Demonspawn Gladiator)       Turns: 11840, Time: 00:26:39

Health: 0/84       AC:  6    Str: 17    XL:     11   Next: 65%
Magic:  18/18      EV: 18    Int: 11    God:    Okawaru [*****.]
Gold:   620        SH:  0    Dex: 21    Spells: 10/10 levels left

rFire    . . .     SeeInvis +   E - +9 mace "Killer Bee's Death" {protect, rC+ Dex+7}
rCold    + + +     Faith    .   (no shield)
rNeg     . . .     Spirit   .   f - +0 troll leather armour {Purgy}
rPois    .         Reflect  .   (helmet restricted)
rElec    .         Harm     .   (no cloak)
rCorr    .         Rampage  .   h - +1 pair of gloves
MR       .....                  x - +0 pair of boots
Stlth    +++.......             (no amulet)
HPRegen  0.64/turn              N - ring of protection from cold
MPRegen  0.16/turn              Q - ring of see invisible

@: about to teleport, corroded
A: horns 2, yellow scales 1, blink, cold resistance 2
a: Blink, Heroism, Finesse, Renounce Religion


You were on level 11 of the Dungeon.
You worshipped Okawaru.
Okawaru was extremely pleased with you.
You visited 2 branches of the dungeon, and saw 12 of its levels.
You also visited: Sewer.

You collected 785 gold pieces.
You spent 165 gold pieces at shops.

Inventory:

Hand Weapons
 E - the +9 mace "Killer Bee's Death" (weapon) {protect, rC+ Dex+7}
   (You found it on level 6 of the Dungeon)

   It grants its wielder temporary protection when it strikes (+7 to AC).
   It affects your dexterity (+7).
   It protects you from cold.
 R - a +4 war axe
Missiles
 d - 4 throwing nets (quivered)
Armour
 b - the +1 chain mail of Compassion {Harm *Corrode Regen+ Dex-3}
   (You found it on level 4 of the Dungeon)

   It affects your dexterity (-3).
   It increases your rate of regeneration.
   It may corrode you when you take damage.
   It increases damage dealt and taken.
 c - a +0 helmet
 f - a +0 troll leather armour (worn) {Purgy}
 h - a +1 pair of gloves (worn)
 x - a +0 pair of boots (worn)
 I - a +0 leather armour
 M - +0 swamp dragon scales
 S - the +0 ring mail of the Teacher {rF+ MR+ SInv}
   (Okawaru gifted it to you on level 10 of the Dungeon)

   It protects you from fire.
   It affects your resistance to hostile enchantments.
   It lets you see invisible.
Jewellery
 a - an uncursed ring of positive energy
 J - an uncursed ring of ice
 N - a ring of protection from cold (left hand)
 Q - a ring of see invisible (right hand)
 T - a cursed amulet of inaccuracy {unknown}
Wands
 y - a wand of acid (11)
 B - a wand of flame (41)
 D - a wand of iceblast (15)
 L - a wand of disintegration (7)
 P - a wand of paralysis (2)
Scrolls
 g - 8 scrolls of remove curse
 l - 17 scrolls of identify
 m - 2 scrolls of immolation {unknown}
 o - 8 scrolls of teleportation
 p - 2 scrolls of enchant weapon
 q - 3 scrolls of random uselessness {unknown}
 s - 2 scrolls of blinking
 v - 2 scrolls of fog
 w - 4 scrolls of enchant armour
 z - 2 scrolls of amnesia {unknown}
 K - 3 scrolls of magic mapping {unknown}
 O - 3 scrolls of brand weapon {unknown}
Potions
 e - 6 potions of curing
 i - 3 potions of resistance
 j - 3 potions of invisibility {unknown}
 k - a potion of lignification {unknown}
 n - 2 potions of flight {unknown}
 r - 2 potions of brilliance {unknown}
 t - 3 potions of heal wounds {unknown}
 u - 4 potions of stabbing
 A - 4 potions of degeneration {unknown}
 C - a potion of ambrosia {unknown}
 F - a potion of haste {unknown}
 G - a potion of berserk rage {unknown}
 H - a potion of might {unknown}


   Skills:
 + Level 7.2 Fighting
 - Level 6.6(8.7) Axes
 + Level 8.6(9.6) Maces & Flails
 + Level 1.8 Throwing
 + Level 4.6 Armour
 + Level 7.6 Dodging
 + Level 5.1 Stealth
 * Level 9.9 Invocations


You had 10 spell levels left.
You didn't know any spells.
Your spell library contained the following spells:

 Spells                   Type           Power        Failure   Level
 Animate Skeleton         Necr           #.....       38%         1
 Pain                     Necr           #...         38%         1
 Shock                    Conj/Air       #...         38%         1
 Summon Small Mammal      Summ           #...         38%         1
 Call Imp                 Summ           #.......     54%         2
 Poisonous Vapours        Pois/Air       #.....       54%         2
 Swiftness                Air            #.......     54%         2
 Call Canine Familiar     Summ           #.......     77%         3
 Conjure Flame            Conj/Fire      #.......     77%         3
 Mephitic Cloud           Conj/Pois/Air  #.......     77%         3
 Static Discharge         Conj/Air       #.......     77%         3
 Summon Guardian Golem    Hex/Summ       #.......     77%         3
 Vampiric Draining        Necr           #.........   77%         3
 Airstrike                Air            #.........   99%         4
 Animate Dead             Necr           #.........   99%         4
 Summon Ice Beast         Ice/Summ       #.......     99%         4
 Summon Lightning Spire   Summ/Air       #.......     99%         4
 Agony                    Necr           #.......     100%        5
 Lightning Bolt           Conj/Air       #.........   100%        5
 Freezing Cloud           Conj/Ice/Air   #.........   100%        6


Dungeon Overview and Level Annotations

Branches:
Dungeon (11/15)            Temple (1/1) D:4            Lair (0/6) D:9
    Orc (0/2) D:10          Sewer (visited)

Altars:
Ashenzari
Cheibriados
Dithmenos
Elyvilon
Fedhas
Gozag
Hepliaklqana
Kikubaaqudgha
Makhleb
Nemelex Xobeh
Okawaru
Qazlal
Ru
Sif Muna
Trog
Uskayaw
Vehumet
Wu Jian
Xom
Yredelemnul
Zin
The Shining One

Shops:
D:4 ?*


Innate Abilities, Weirdness & Mutations

You have a pair of horns on your head.
You are partially covered in yellow scales. (AC +2)
Your flesh is very cold resistant. (rC++)
You can translocate small distances at will.


Message History

The brown ugly thing gurgles horribly!
You hear a shout!
You hear a zap.
You hear a grinding noise.
The centaur warrior wields a +0 shortbow.
The centaur warrior shoots an arrow.
The arrow hits you!!
The brown ugly thing tentacle-slaps you.
The acid corrodes you!
You are splashed with acid!
You see here an arrow.
As you read the scroll of teleportation, it crumbles to dust.
You feel strangely unstable.
The centaur warrior shoots an arrow.
The arrow hits you!
The brown ugly thing tentacle-slaps you.
You are splashed with acid.
The centaur warrior shoots an arrow.
The arrow hits you!
* * * LOW HITPOINT WARNING * * *
The brown ugly thing closely misses you.
You see here an arrow.
You hear a zap.
Some rock shatters into small pieces.
The centaur warrior shoots an arrow.
The arrow hits you!
You die...

.....##########################..
..........#......................
.....##...#......................
.....##...#......................
##........#...c......##..........
##........#....#...(.##..........
..........#.......(..########....
.....###'##.......u..##....######
.....#...#####.#@.....#....##....
.....#...#######......#.....#....
##...'....#...##......#.....#....
##...#....#...##......#.....#....
##...#....'...#########.....#....
.....#....#...#.......#....##..(.
.....######...#.##....#....######
..........###'#.##....#....'.....
......................#....#.....


You could see a brown ugly thing and a centaur warrior.

Vanquished Creatures
  A two-headed ogre (D:8)
  Pikel (D:8)
  A manticore (D:11)
  A cyclops (D:11)
  4 centaur zombies
  Maggie (D:8)
  A troll (D:9)
  Prince Ribbit (D:6)
  12 yaks
  A water moccasin (D:8)
  3 ice beasts
  5 phantoms
  Purgy (Sewer)
  3 orc warriors
  A sky beast (D:10)
  3 black bears
  5 ogres
  5 necrophages
  4 centaurs
  3 big kobolds
  Blork the orc (D:6)
  9 bullfrogs
  2 wyvern zombies (D:10)
  2 scorpions
  42 killer bees
  8 wights
  10 howler monkeys
  2 bullfrog zombies (D:10)
  3 hounds
  A quasit (D:6)
  5 jellies
  10 orc priests
  2 bullfrog skeletons
  3 iguanas
  6 orc wizards
  6 worker ants
  A hound zombie (D:7)
  2 hound skeletons
  A mummy (D:10)
  A howler monkey zombie (D:11)
  5 gnolls
  A howler monkey skeleton (D:6)
  A worker ant zombie (D:10)
  12 adders
  4 white imps
  3 ufetubi
  An ooze (D:1)
  2 adder skeletons
  An adder zombie (D:7)
  A dart slug (D:2)
  8 leopard geckos
  35 orcs
  A ball python (D:4)
  9 giant cockroaches
  12 goblins
  5 hobgoblins
  9 jackals
  21 kobolds
  4 quokkas
  9 bats
  6 frilled lizards
  A jackal skeleton (D:8)
  A quokka zombie (D:7)
  6 rats
332 creatures vanquished.

Vanquished Creatures (others)
  A quokka (D:4)
  7 withered plants (D:10)
8 creatures vanquished.

Grand Total: 340 creatures vanquished

Notes
Turn   | Place    | Note
-------+----------+-------------------------------------------
     0 | D:1      | karrick the Demonspawn Gladiator began the quest for the
                  | Orb.
     0 | D:1      | Reached XP level 1. HP: 16/16 MP: 1/1
   251 | D:1      | Gained mutation: Your flesh is cold resistant. (rC+)
                  | [demonic ancestry]
   251 | D:1      | Reached XP level 2. HP: 18/23 MP: 2/2
  1001 | D:2      | Noticed a shadow
  1003 | D:2      | Found a shadowy altar of Dithmenos.
  1004 | D:2      | Found a hazy altar of Hepliaklqana.
  1088 | D:2      | Reached XP level 3. HP: 28/28 MP: 3/3
  1417 | D:2      | HP: 1/28 [poisoned by an adder]
  1902 | D:2      | Reached skill level 1 in Armour
  1902 | D:2      | Reached XP level 4. HP: 34/34 MP: 4/4
  2199 | D:3      | Found a glowing drain.
  2208 | Sewer    | Entered a sewer
  2411 | Sewer    | Noticed Purgy
  2418 | Sewer    | Gained mutation: Scrolls take you a little longer to read.
                  | [potion of mutation]
  2418 | Sewer    | Gained mutation: You can translocate small distances at
                  | will. [potion of mutation]
  2418 | Sewer    | Lost mutation: Scrolls take you a little longer to read.
                  | [potion of mutation]
  2418 | Sewer    | Gained mutation: Your flesh is very cold resistant. (rC++)
                  | [potion of mutation]
  2430 | Sewer    | Killed Purgy
  2430 | Sewer    | Gained mutation: You have a pair of small horns on your
                  | head. [demonic ancestry]
  2430 | Sewer    | Reached XP level 5. HP: 24/41 MP: 5/5
  2790 | D:3      | Reached skill level 1 in Stealth
  2795 | D:3      | Reached XP level 6. HP: 22/47 MP: 6/6
  3391 | D:4      | Found Onockil's Magic Scroll Shop.
  3539 | D:4      | Found a white marble altar of Elyvilon.
  3557 | D:4      | Found a staircase to the Ecumenical Temple.
  3563 | Temple   | Entered the Ecumenical Temple
  3599 | Temple   | Became a worshipper of Warmaster Okawaru
  3880 | D:4      | Reached skill level 5 in Axes
  3897 | D:4      | Bought 3 scrolls of teleportation for 99 gold pieces
  3897 | D:4      | Bought a scroll of identify for 22 gold pieces
  3897 | D:4      | Bought a scroll of identify for 22 gold pieces
  3897 | D:4      | Bought a scroll of identify for 22 gold pieces
  3914 | D:4      | Found an opulent altar of Gozag.
  3920 | D:4      | Found Gozag's Platinum Reserve.
  3950 | D:4      | Found a glowing silver altar of Zin.
  4280 | D:4      | Reached * piety under Okawaru
  4280 | D:4      | Gained mutation: You are partially covered in yellow
                  | scales. (AC +2) [demonic ancestry]
  4280 | D:4      | Reached XP level 7. HP: 42/52 MP: 7/7
  4298 | D:4      | Got a smelly chain mail
  4309 | D:4      | Identified the +1 chain mail of Compassion {Harm *Corrode
                  | Regen+ Dex-3} (You found it on level 4 of the Dungeon)
  4484 | D:5      | Entered Level 5 of the Dungeon
  4664 | D:5      | Found a sacrificial altar of Ru.
  4716 | D:5      | Found a broken altar of Ashenzari.
  5157 | D:5      | Reached skill level 1 in Invocations
  5182 | D:5      | Reached XP level 8. HP: 42/60 MP: 7/9
  5327 | D:6      | Noticed Blork the orc
  5335 | D:6      | Killed Blork the orc
  5335 | D:6      | Reached skill level 2 in Invocations
  5357 | D:6      | Got a fine mace
  5358 | D:6      | Identified the +9 mace "Killer Bee's Death" {protect, rC+
                  | Dex+7} (You found it on level 6 of the Dungeon)
  5395 | D:6      | Reached ** piety under Okawaru
  5434 | D:6      | Noticed Prince Ribbit
  5460 | D:6      | Killed Prince Ribbit
  5460 | D:6      | Reached skill level 3 in Invocations
  5571 | D:6      | Reached skill level 1 in Maces & Flails
  5571 | D:6      | Reached skill level 4 in Invocations
  5754 | D:6      | Reached skill level 5 in Invocations
  5950 | D:6      | Reached XP level 9. HP: 67/67 MP: 12/12
  6539 | D:6      | Reached skill level 5 in Fighting
  6603 | D:6      | Reached *** piety under Okawaru
  6603 | D:6      | Reached skill level 5 in Dodging
  6823 | D:7      | Found a shimmering altar of Xom.
  6934 | D:7      | Found a blossoming altar of Fedhas.
  6946 | D:7      | Reached skill level 6 in Invocations
  7327 | D:7      | Found an ancient bone altar of Kikubaaqudgha.
  7331 | D:7      | Found a sparkling altar of Nemelex Xobeh.
  7572 | D:8      | Found a stormy altar of Qazlal.
  7829 | D:8      | Noticed Pikel
  7842 | D:8      | Killed Pikel
  7842 | D:8      | Reached **** piety under Okawaru
  7842 | D:8      | Reached skill level 5 in Maces & Flails
  7842 | D:8      | Reached skill level 7 in Invocations
  7866 | D:8      | Found a hide-covered altar of Uskayaw.
  7885 | D:8      | Gained mutation: You have a pair of horns on your head.
                  | [demonic ancestry]
  7885 | D:8      | Reached XP level 10. HP: 75/75 MP: 15/15
  8008 | D:8      | Noticed a two-headed ogre
  8009 | D:8      | Found a burning altar of Makhleb.
  8018 | D:8      | Killed a two-headed ogre
  8165 | D:8      | Noticed Maggie
  8178 | D:8      | Killed Maggie
  8322 | D:9      | Found a basalt altar of Yredelemnul.
  8594 | D:9      | Reached skill level 8 in Invocations
  8595 | D:9      | Found a staircase to the Lair.
  8595 | D:9      | Noticed a death yak
  8595 | D:9      | Noticed a death yak
  8595 | D:9      | Noticed a death yak
  8595 | D:9      | Noticed a death yak
  8595 | D:9      | Noticed a death yak
  8934 | D:10     | Entered Level 10 of the Dungeon
  8969 | D:9      | Reached ***** piety under Okawaru
  9050 | D:9      | Received a gift from Okawaru
  9511 | D:10     | Reached XP level 11. HP: 80/83 MP: 17/17
  9707 | D:10     | Received a gift from Okawaru
  9711 | D:10     | Reached skill level 9 in Invocations
  9767 | D:10     | Found a staircase to the Orcish Mines.
  9793 | D:10     | Paralysed by a big kobold for 5 turns
 10157 | D:10     | Got an ichor-stained ring mail {god gift}
 10168 | D:10     | Identified the +0 ring mail of the Teacher {rF+ MR+ SInv}
                  | (Okawaru gifted it to you on level 10 of the Dungeon)
 10781 | D:11     | Reached skill level 5 in Stealth
 11439 | D:11     | Noticed a centaur warrior
 11834 | D:11     | Noticed a brown ugly thing
 11840 | D:11     | Shot with an arrow by a centaur warrior

Illustrated notes

Levels and vault maps discovered:
D:1:      lemuel_arrival_tunnels, layout_rooms, minmay_indecisive_spiral
D:2:      layout_basic, riverfiend_overflow_shadow_ancestor
D:3:      layout_basic, portal_sewer_entry_f, minmay_crystal_water
D:4:      layout_gridville, elyvilon_altar_4, overflow_temple_1_default,
          minmay_temple_entry_wispy, serial_shops, shop,
          nicolae_gozag_zags_fifth_avenue
D:5:      layout_gridville, ashenzari_conservatory_becter, old_standard_altar
D:6:      minmay_razor_zed, layout_layer_cave, uniq_blork_the_orc,
          uniq_prince_ribbit1
D:7:      layout_layer_cave, kennysheep_little_box, grunt_temple_overflow_open,
          xom_teletrap_fun
D:8:      layout_rooms, old_standard_altar, lemuel_crystal_altar, basic_altar,
          serial_bayou_pond_c, chequers_serial_rivers_marsh,
          minmay_misc_feat_secret_circle, uniq_maggie, uniq_pikel
D:9:      wad_woods_minihive, layout_irregular_city, lemuel_round_altar,
          dpeg_lair_monsters
D:10:     layout_small_grid, erik_orc_4, serial_undead, serial_undead_f,
          serial_undead_d, serial_undead_b, serial_undead_a, serial_undead_e,
          serial_undead_f, serial_undead_a, serial_undead_d
D:11:     layout_stronghold
Temple:   compressed_dpeg_circular_temple

Skill      XL: |  1  2  3  4  5  6  7  8  9 10 11 |
---------------+----------------------------------+-----
Axes           | 3 4 5 6 |  6.6
Dodging        | 3 4 5 6 7 |  7.6
Armour         | 1 2 3 4 |  4.6
Fighting       | 3 4 5 6 7 |  7.2
Stealth        | 1 2 4 5 |  5.1
Invocations    | 1 5 7 8 9 |  9.9
Maces & Flails | 2 5 7 8 |  8.6
Throwing       | |  1.8

Action                   |  1- 3 |  4- 6 |  7- 9 | 10-12 || total
-------------------------+-------+-------+-------+-------++-------
Melee: War axe           |   129 |   185 |    94 |       ||   408
       Headbutt          |       |    22 |    78 |   126 ||   226
       Mace              |       |       |   213 |   542 ||   755
       Punch             |       |       |       |     1 ||     1
Invok: Heroism           |       |       |       |     2 ||     2
  Use: Scroll            |       |     8 |       |     6 ||    14
       Potion            |       |     3 |       |     1 ||     4
 Stab: Sleeping          |     2 |     3 |     9 |    10 ||    24
       Distracted        |       |       |       |     1 ||     1
Armor: Leather armour    |    43 |    32 |       |       ||    75
       Troll leather arm |       |    46 |   128 |   243 ||   417
       Ring mail         |       |       |       |     1 ||     1
Dodge: Dodged            |   104 |   168 |   259 |   736 ||  1267

Table legend: (Time is in decaauts)
 A = Elapsed time spent in this place.
 B = Non-inter-level travel time spent in this place.
 C = Inter-level travel time spent in this place.
 D = Time resting spent in this place.
 E = Time spent auto-exploring this place.
 F = Levels seen in this place.
 G = Mean time per level.
                   A        B        C        D        E       F      G
               +--------+--------+--------+--------+--------+-----+--------+
         Total |  11997 |  11648 |    349 |   1664 |   7013 |  13 |  922.8 |
       Dungeon |  11418 |  11092 |    326 |   1467 |   6746 |  11 | 1038.0 |
        Temple |    114 |     91 |     23 |      0 |     80 |   1 |  114.0 |
         Sewer |    464 |    464 |      0 |    197 |    187 |   1 |  464.0 |
               +--------+--------+--------+--------+--------+-----+--------+

Top non-repeatable levels by time:
     D:6: 1456 daAuts
    D:11: 1414 daAuts
     D:2: 1122 daAuts
    D:10: 1034 daAuts
     D:3: 1001 daAuts
     D:1: 984 daAuts
     D:9: 918 daAuts
     D:8: 915 daAuts
     D:4: 909 daAuts
     D:7: 841 daAuts
     D:5: 820 daAuts
   Sewer: 464 daAuts
  Temple: 114 daAuts
